 Dungeon Crawl Stone Soup version 0.25-a0-591-g2ad0d861f1 (webtiles) character file.

Game seed: 13724334753212691175, levelgen mode: classic

359468 EnegeticOcto the Peltast (level 21, -14/191 HPs)
             Began as a Deep Dwarf Fighter on Mar 13, 2020.
             Was a High Priest of Makhleb.
             Killed from afar by an orb of fire (36 damage)
             ... with a bolt of fire
             ... on level 5 of the Realm of Zot.
             The game lasted 00:24:11 (23202 turns).

EnegeticOcto the Peltast (Deep Dwarf Fighter)      Turns: 23202, Time: 00:24:12

Health: -14/191    AC: 34    Str: 31      XL:     21   Next: 11%
Magic:  23/23      EV: 13    Int:  9 (10) God:    Makhleb [*****.]
Gold:   2548       SH: 24    Dex: 15 (17) Spells: 20/20 levels left

rFire    + . .     SeeInvis .   b - +12 Vampire's Tooth {vamp}
rCold    + + .     Gourm    .   L - +0 tower shield
rNeg     + + .     Faith    .   J - +4 gold dragon scales
rPois    +         Spirit   .   (helmet restricted)
rElec    +         Reflect  .   F - +0 cloak "Hyci" {Str+2}
rCorr    .         Harm     +   U - +1 pair of gloves
MR       +++++                  R - +0 pair of boots "Roecw" {rPois rC+} (curse)
Stlth    ..........             s - amulet of harm
HPRegen  0.00/turn              o - +4 ring of protection
MPRegen  0.18/turn              Y - ring of Ronelof {rElec rC- rN+ MR++ Dex+5}

@: mighty, non-regenerating, hasted, very quick
A: damage resistance, heal wounds, horns 1, cold resistance 1, deterioration 1,
frail 1, mutation resistance 1, negative energy resistance 1, sense surroundings
3, MP-powered wands, no regeneration
}: 3/15 runes: decaying, serpentine, silver
a: Heal Wounds, Minor Destruction, Lesser Servant of Makhleb, Major Destruction,
Greater Servant of Makhleb, Renounce Religion


You were on level 5 of the Realm of Zot.
You worshipped Makhleb.
Makhleb was extremely pleased with you.
You were not hungry.

You visited 8 branches of the dungeon, and saw 43 of its levels.
You visited the Abyss 1 time.
You also visited: Ossuary and Gauntlet.

You collected 2680 gold pieces.
You spent 132 gold pieces at shops.

Inventory:

Hand Weapons
 a - a +1 war axe
 b - the +12 Vampire's Tooth (weapon) {vamp}
   (You found it on level 10 of the Dungeon)

   It inflicts no extra harm, but heals its wielder when it wounds a living foe.
Missiles
 t - 3 throwing nets (quivered)
Armour
 f - a +0 plate armour
 E - +0 storm dragon scales
 F - the +0 cloak "Hyci" (worn) {Str+2}
   (You found it in a Gauntlet)

   It affects your strength (+2).
 J - +4 gold dragon scales (worn)
 L - a +0 tower shield (worn)
 R - the cursed +0 pair of boots "Roecw" (worn) {rPois rC+}
   (You found it in a Gauntlet)

   It protects you from cold.
   It protects you from poison.
   It has a curse placed upon it.
 U - a +1 pair of gloves (worn)
 X - the +2 helmet of the Lost Path {+Fly rPois MR+}
   (You found it on level 5 of the Vaults)

   It protects you from poison.
   It affects your resistance to hostile enchantments.
   It lets you fly.
Jewellery
 g - an uncursed ring of see invisible
 o - a +4 ring of protection (left hand)
 s - an amulet of harm (around neck)
 M - a +4 ring of strength
 Q - an uncursed ring of resist corrosion
 Y - the ring of Ronelof (right hand) {rElec rC- rN+ MR++ Dex+5}
   (You took it off a fire giant on level 5 of the Vaults)

   [ring of dexterity]

   It affects your dexterity (+5).
   It makes you vulnerable to cold.
   It insulates you from electricity.
   It protects you from negative energy.
   It affects your resistance to hostile enchantments.
Wands
 m - a wand of digging (15) {@v2}
 u - a wand of acid (9) {@v1}
 y - a wand of iceblast (11)
 A - a wand of flame (66)
 K - a wand of scattershot (9)
 S - a wand of paralysis (20)
Scrolls
 h - a scroll of magic mapping {@r5}
 i - 13 scrolls of teleportation {@r2}
 r - 10 scrolls of remove curse {@r6}
 v - 2 scrolls of holy word
 w - 6 scrolls of blinking {@r3}
 x - 5 scrolls of identify {@r1}
 z - a scroll of fog
 G - a scroll of enchant weapon
 I - 3 scrolls of torment
 N - a scroll of silence
 O - 5 scrolls of fear
 T - a scroll of brand weapon
Potions
 d - 3 potions of mutation
 j - 2 potions of stabbing {@q5}
 k - a potion of might {@q3}
 l - 3 potions of magic
 n - a potion of haste {@q4}
 p - a potion of cancellation
 q - 4 potions of flight
 B - 2 potions of ambrosia
 C - 7 potions of curing {@q1}
 D - 2 potions of lignification {@q7}
 H - a potion of heal wounds {@q2}
 W - a potion of berserk rage
Miscellaneous
 c - a lamp of fire
 V - a phantom mirror
Comestibles
 e - 35 rations


   Skills:
 * Level 18.6 Fighting
 + Level 11.9 Short Blades
 - Level 9.9 Axes
 + Level 16.0 Armour
 + Level 14.5 Dodging
 * Level 19.1 Shields
 + Level 15.3 Invocations


You had 20 spell levels left.
You didn't know any spells.
Your spell library was empty.

Dungeon Overview and Level Annotations

Branches:
Dungeon (15/15)            Temple (1/1) D:6            Lair (4/6) D:8
  Swamp (4/4) Lair:4        Snake (4/4) Lair:4          Orc (0/2) D:10
 Vaults (5/5) D:13         Depths (5/5) D:15            Zot (5/5) Depths:5
Ossuary (visited)         Gauntlet (visited)
  Crypt: Vaults:2-3

Altars:
Ashenzari
Cheibriados
Dithmenos
Elyvilon
Fedhas
Gozag
Hepliaklqana
Kikubaaqudgha
Makhleb
Nemelex Xobeh
Okawaru
Qazlal
Sif Muna
Trog
Uskayaw
Vehumet
Xom
Yredelemnul
The Shining One

Shops:
D:6 :   D:7 (=%   Depths:5 (?

Portals:
Abyss: Depths:4
Pandemonium: Depths:3

Annotations:
D:6 2 transporters, wullow's ghost, amateur DsFi


Innate Abilities, Weirdness & Mutations

You are resistant to damage.
You can heal yourself by infusing magical energy.
You resist negative energy. (rN+)
You passively map a large area around you.
You do not regenerate.
You have a pair of small horns on your head.
Your flesh is cold resistant. (rC+)
Your body sometimes deteriorates upon taking damage.
You are frail. (-10% HP)
You are somewhat resistant to further mutation.
You expend magic power (3 MP) to strengthen your wands.


Message History

Your shield and gold dragon scales prevent you from hitting the Orb Guardian.
You headbutt the Orb Guardian.
The Orb Guardian is heavily wounded.
The Orb Guardian hits you but does no damage.
You impale the Orb Guardian!!
The Orb Guardian is severely wounded.
You block the Orb Guardian's attack.
A demon appears!
You block the Orb Guardian's attack.
Your green death hits the Orb Guardian!
You block the Orb Guardian's attack.
You hit the Orb Guardian.
You feel better.
The Orb Guardian is severely wounded.
The Orb Guardian closely misses you. You block the Orb Guardian's attack.
You impale the Orb Guardian!!
You kill the Orb Guardian!
Makhleb accepts your kill.
You feel better.
The orb of fire glows deep purple.
The bolt of fire hits your green death!!
The bolt of fire hits you!! You resist. You block the Orb Guardian's attack.
You puncture the Orb Guardian! Your headbutt misses the Orb Guardian.
The Orb Guardian is moderately wounded.
Your green death hits the orb of fire but does no damage.
You hit the ancient lich but do no damage.
You hit the ancient lich.
You headbutt the ancient lich, but do no damage.
The ancient lich is lightly damaged.
You impale the ancient lich!!
You headbutt the ancient lich, but do no damage.
The ancient lich is moderately damaged.
You impale the ancient lich!! Your headbutt misses the ancient lich.
The ancient lich is heavily damaged.
The orb of fire emits a lurid red light.
The bolt of fire hits your green death!!!
Your green death dies!
The bolt of fire hits you! You resist.
The bolt of fire hits the Orb Guardian!!!!
The Orb Guardian dies!
A tentacled monstrosity comes into view.
You hit the ancient lich.
The ancient lich is heavily damaged.
You closely miss the ancient lich. Your headbutt misses the ancient lich.
The ancient lich is heavily damaged.
The ancient lich touches you but does no damage.
A demon appears!
You block the Orb Guardian's attack. You block the ancient lich's attack.
You hit the ancient lich but do no damage.
You headbutt the ancient lich.
The ancient lich is heavily damaged.
Your cacodemon hits the orb of fire but does no damage.
Your cacodemon hits the orb of fire. You completely miss the ancient lich.
You headbutt the ancient lich, but do no damage.
The ancient lich is heavily damaged.
The orb of fire glows deep purple.
The bolt of fire hits your green death!!!
The bolt of fire hits you!! You resist.
Your body deteriorates!
You feel clumsy.
The bolt of fire hits your blizzard demon!!!
Your blizzard demon is burned terribly!
You block the Orb Guardian's attack.
Your green death gestures at the orb of fire.
The poison arrow hits the orb of fire!
The orb of fire partially resists.
You are too injured to fight recklessly!
You are too injured to fight recklessly!
You are too injured to fight recklessly!
You hit the Orb Guardian but do no damage.
Your headbutt misses the Orb Guardian.
The Orb Guardian is moderately wounded.
Something hits your cacodemon! Something shocks your cacodemon.
Your cacodemon resists.
Something barely misses your cacodemon. x3
The ancient lich gestures at you while chanting.
The bolt of acid hits you!!
* * * LOW HITPOINT WARNING * * *
You are splashed with acid!
* * * LOW HITPOINT WARNING * * *
The orb of fire glows deep purple.
The bolt of fire hits your green death!!
The bolt of fire hits you!! You resist.
* * * LOW HITPOINT WARNING * * *
You hit the Orb Guardian but do no damage.
You headbutt the Orb Guardian!
The Orb Guardian is moderately wounded.
All of the chunks of flesh in your inventory have rotted away.
You feel much better. You block the Orb Guardian's attack.
Your blizzard demon hits the Orb Guardian!
Your blizzard demon hits the Orb Guardian but does no damage.
The bolt of lightning hits your cacodemon!
Your cacodemon resists.
A bolt of lightning appears from out of your range of vision.
The bolt of lightning hits your cacodemon.
Your cacodemon resists.
The ancient lich touches you but does no damage.
Your green death gestures at the orb of fire.
The poison arrow hits the orb of fire.
The orb of fire partially resists.
The orb of fire glows yellow.
The bolt of fire hits your green death!!!
Your green death dies!
The bolt of fire hits you!! You resist.
You die...

▓▓▓▓▓▓ *
▓▓▓▓...... ,,
▓▓.........,,,,
, ,
▓▓.......... ,,
▓..§§§§..... ,
▓...2.§..... ,
▓2@§*§§§... ,
▓▓XL*X*.*.. ,
▓▓**§§..§* ,
▓§§§.§..*p, ,
▓§§§§§§.... ,,,
, ▓......L...$
,, ,, ,
▓.....D.{... ^
,,,,
▓▓..XX..X...,
▓▓.......^. ,


You could see 4 orbs of fire, an ancient lich, an Orb Guardian, a friendly
cacodemon and a friendly blizzard demon.

Vanquished Creatures
  An orb of fire (Zot:4)
  2 Killer Klowns
  2 curse toes
  4 golden dragons
  A bone dragon (Depths:5)
  2 electric golems (Zot:2)
  6 tentacled monstrosities
  Asterion (Vaults:3)
  An Orb Guardian (Zot:5)
  2 quicksilver dragons
  2 titans (Vaults:5)
  5 death cobs
  4 sphinxes
  A tentacled starspawn (Abyss:3)
  A thorn hunter (Swamp:4)
  4 tengu reavers
  8 shadow dragons
  14 storm dragons
  A revenant (Vaults:3)
  4 nagarajas
  4 large abominations
  2 frost giants
  7 vault wardens
  8 fire giants
  A ghost moth (Zot:2)
  An iron dragon (Vaults:5)
  A deep elf sorcerer (Vaults:5)
  3 draconian scorchers
  A ghoul (Vaults:5)
  A deep elf elementalist (Vaults:5)
  A cacodemon (Depths:3)
  2 draconian annihilators
  7 ironheart preservers
  3 very ugly things
  2 draconian shifters
  An entropy weaver (Gauntlet)
  3 war gargoyles (Vaults:5)
  4 stone giants
  Nessos (Lair:4)
  A green draconian (Zot:5)
  A minotaur (Gauntlet)
  2 black draconians
  2 yellow draconians (Depths:5)
  2 spark wasps (Depths:2)
  A red draconian (Depths:5)
  2 white draconians (Zot:5)
  A deep elf annihilator (Vaults:5)
  4 purple draconians
  9 ettins
  2 deep elf death magi (Vaults:5)
  A jiangshi (Vaults:3)
  13 yaktaur captains
  2 deep elf high priests (Vaults:5)
  2 fire dragons
  11 naga warriors
  3 great orbs of eyes
  25 vault guards
  4 ice dragons
  17 hydras
  A spriggan air mage (Depths:5)
  2 catoblepae (D:15)
  3 starcursed masses (Abyss:3)
  A rakshasa (Depths:4)
  3 shambling mangroves
  2 death knights (Vaults:5)
  Erica (D:8)
  5 anacondas
  2 centaur warriors
  2 dancing weapons (D:13)
  24 two-headed ogres
  7 alligators
  A titan zombie (Abyss:3)
  2 deep troll shamans
  9 ogre magi
  4 shock serpents
  2 deep troll earth magi (Depths:4)
  2 vampire magi (Vaults:3)
  7 naga sharpshooters
  A thrashing horror (Abyss:3)
  A deep elf knight (Vaults:3)
  A sun demon (Depths:3)
  2 iron trolls (Depths:5)
  4 sea snakes (Snake:3)
  2 flayed ghosts
  2 salamander mystics (Snake:4)
  2 spatial maelstroms (Abyss:3)
  A sixfirhy (Depths:3)
  4 deep trolls
  2 unseen horrors (Abyss:3)
  An infernal demonspawn (Depths:3)
  6 wizards
  8 naga ritualists
  2 deep elf archers
  9 swamp dragons
  A glowing orange brain (Depths:4)
  10 ironbrand convokers
  3 wolf spiders
  4 phantasmal warriors (Vaults:5)
  2 harpies (Abyss:3)
  6 orc knights
  A necromancer (Depths:4)
  5 deep elf magi (D:15)
  A manticore (D:13)
  A faun (shapeshifter) (Depths:5)
  A worldbinder (Abyss:3)
  3 salamanders (Snake:2)
  13 ugly things
  8 mana vipers
  14 vault sentinels
  21 black mambas
  11 moths of wrath
  Maurice (D:12)
  A black mamba (shapeshifter) (D:13)
  3 elephants (Lair:3)
  12 naga magi
  A rust devil (Abyss:3)
  6 guardian serpents
  4 torpor snails (Lair:4)
  9 spiny frogs
  2 gargoyles
  2 rime drakes
  4 komodo dragons
  5 freezing wraiths
  20 yaktaurs
  An efreet (D:15)
  A demonic crawler (Abyss:3)
  A tengu conjurer (Depths:5)
  A harpy zombie (D:15)
  A hellwing (Depths:3)
  6 trolls
  A wind drake (Abyss:3)
  2 tyrant leeches
  4 raiju (Abyss:3)
  4 hornets
  A hornet (shapeshifter) (Depths:5)
  A hippogriff (shapeshifter) (Vaults:5)
  A jumping spider (Gauntlet)
  4 slime creatures (D:12)
  7 bog bodies
  4 hippogriffs
  8 blink frogs
  A flying skull (Abyss:3)
  4 water elementals
  A shadow (D:15)
  3 vampires (D:10)
  2 spriggans
  5 wyverns
  29 yaks
  3 ynoxinuls (Abyss:3)
  A fire bat (Abyss:3)
  3 wraiths (Vaults:5)
  2 fire bats (shapeshifter)
  A yak (shapeshifter) (Vaults:5)
  5 basilisks
  4 chaos spawn
  3 hungry ghosts
  2 neqoxecs
  Eustachio (D:4)
  12 vampire mosquitoes
  Menkaure (D:5)
  2 spatial vortices (Abyss:3)
  A steam dragon (D:8)
  4 wargs
  4 insubstantial wisps (Swamp:1)
  Edmund (D:4)
  11 swamp worms
  33 nagas
  Duvessa (D:4)
  A two-headed ogre zombie (D:10)
  12 water moccasins
  2 acid dragons
  13 porcupines
  A hornet zombie (D:15)
  9 swamp drakes
  A black bear (shapeshifter) (Vaults:5)
  3 phantoms
  6 orc warriors
  2 sky beasts
  2 black bears
  An ice beast (D:5)
  18 ogres
  4 wolves
  4 boggarts (Vaults:3)
  2 centaurs
  17 crocodiles
  A big kobold (D:8)
  9 bullfrogs
  A bullfrog (shapeshifter) (Vaults:5)
  An earth elemental (Abyss:3)
  A wyvern zombie (D:12)
  Dowan (D:4)
  A wyvern skeleton (D:7)
  2 small abominations (Abyss:3)
  6 scorpions
  5 troll zombies (D:10)
  6 killer bees (D:7)
  4 vampire bats (Abyss:3)
  2 wights (Abyss:3)
  An electric eel (Lair:4)
  4 crimson imps
  6 centaur zombies
  3 howler monkeys (D:7)
  A quasit (D:5)
  4 hounds
  5 jellies
  4 orc priests
  5 orc wizards
  4 centaur skeletons
  4 bullfrog skeletons
  3 iguanas
  10 worker ants
  6 hell rats (Lair:3)
  A killer bee zombie (D:9)
  2 ogre zombies (D:10)
  2 big kobold zombies (Ossuary)
  A hound zombie (D:8)
  5 mummies (Ossuary)
  Robin (D:4)
  10 gnolls
  15 adders
  3 shadow imps
  A white imp (Abyss:3)
  2 worms (D:3)
  A dart slug (D:4)
  A leopard gecko (D:9)
  36 orcs
  A ball python (D:3)
  3 bats
  3 giant cockroaches
  10 goblins
  6 hobgoblins
  11 jackals
  6 kobolds
  6 quokkas
  2 goblin skeletons (D:10)
  5 goblin zombies (D:10)
  5 hobgoblin zombies
  2 orc skeletons (D:10)
  12 orc zombies (D:10)
  2 rats
  A butterfly (Abyss:3)
  2 starspawn tentacles (Abyss:3)
1071 creatures vanquished.

Vanquished Creatures (collateral kills)
  A tentacled monstrosity (Zot:4)
  A storm dragon (Zot:2)
  A yellow draconian (Zot:2)
  A moth of wrath (Zot:2)
  A smoke demon (Abyss:3)
  A small abomination (Abyss:3)
  A wight (Abyss:3)
  2 starcursed masses (Abyss:3)
9 creatures vanquished.

Vanquished Creatures (others)
  An Orb Guardian (Zot:5)
  An ogre mage (D:15)
  A shadow wraith (Vaults:3)
  A naga ritualist (Snake:4)
  A blink frog (Swamp:4)
  A vampire mosquito (Swamp:1)
  4 demonic plants (Gauntlet)
  5 plants
  4 starspawn tentacles (Abyss:3)
  3 withered plants (Gauntlet)
22 creatures vanquished.

Grand Total: 1102 creatures vanquished

Notes
Turn   | Place    | Note
-------+----------+-------------------------------------------
     0 | D:1      | EnegeticOcto the Deep Dwarf Fighter began the quest for the
                  | Orb.
     0 | D:1      | Reached XP level 1. HP: 20/20 MP: 1/1
    75 | D:2      | Reached XP level 2. HP: 19/28 MP: 2/2
   188 | D:3      | Noticed a phantom
   199 | D:3      | Reached XP level 3. HP: 27/34 MP: 3/3
   223 | D:3      | Killed a phantom
   223 | D:3      | Reached XP level 4. HP: 36/44 MP: 4/4
   247 | D:3      | Reached skill level 4 in Shields
   249 | D:3      | Reached XP level 5. HP: 21/50 MP: 5/5
   308 | D:4      | Noticed Robin
   308 | D:4      | Noticed Duvessa
   308 | D:4      | Noticed Dowan
   314 | D:4      | Noticed Eustachio
   325 | D:4      | Killed Duvessa
   325 | D:4      | Reached XP level 6. HP: 38/57 MP: 6/6
   328 | D:4      | Killed Robin
   339 | D:4      | Killed Dowan
   378 | D:4      | Killed Eustachio
   378 | D:4      | Reached skill level 5 in Axes
   465 | D:4      | Reached XP level 7. HP: 46/66 MP: 6/6
   505 | D:4      | Noticed Edmund
   535 | D:4      | Killed Edmund
   535 | D:4      | Reached skill level 5 in Fighting
   593 | D:4      | Reached skill level 5 in Shields
   967 | D:5      | Entered Level 5 of the Dungeon
   971 | D:5      | Reached skill level 5 in Armour
  1125 | D:5      | Found a stormy altar of Qazlal.
  1264 | D:5      | Found a sand-covered staircase.
  1320 | D:5      | Reached XP level 8. HP: 64/75 MP: 6/6
  1330 | Ossuary  | Entered an ossuary
  1680 | D:5      | Noticed Menkaure
  1695 | D:5      | Killed Menkaure
  1729 | D:6      | Found a blossoming altar of Fedhas.
  1756 | D:6      | Found a staircase to the Ecumenical Temple.
  1765 | Temple   | Entered the Ecumenical Temple
  1917 | D:6      | Found a transporter.
  1919 | D:6      | Found a transporter.
  1924 | D:6      | Noticed a queen bee
  1935 | D:6      | Noticed wullow's ghost (amateur DsFi)
  1940 | D:6      | Noticed a hornet
  1990 | D:6      | Found Hiwueme's Book Shop.
  2110 | D:6      | Found a burning altar of Makhleb.
  2120 | D:6      | Became a worshipper of Makhleb the Destroyer
  2427 | D:6      | Gained mutation: Armour fits poorly on your strangely
                  | shaped body. [potion of mutation]
  2427 | D:6      | Gained mutation: You are weak. (Str -2) [potion of
                  | mutation]
  2427 | D:6      | Gained mutation: Your flesh is cold resistant. (rC+)
                  | [potion of mutation]
  2428 | D:6      | Lost mutation: You are weak. (Str -2) [potion of mutation]
  2428 | D:6      | Lost mutation: Armour fits poorly on your strangely shaped
                  | body. [potion of mutation]
  2428 | D:6      | Gained mutation: Your flesh is heat resistant. (rF+)
                  | [potion of mutation]
  2428 | D:6      | Gained mutation: Your spells are a little harder to cast,
                  | but a little more powerful. [potion of mutation]
  2546 | D:7      | Found Beahablal's Food Emporium.
  2560 | D:7      | Reached skill level 6 in Shields
  2560 | D:7      | Reached skill level 1 in Invocations
  2784 | D:7      | Gained mutation: You passively map the area around you.
                  | [Deep Dwarf growth]
  2784 | D:7      | Reached XP level 9. HP: 58/85 MP: 8/8
  2912 | D:7      | Reached * piety under Makhleb
  3034 | D:7      | Found Xiubyt's Jewellery Shoppe.
  3120 | D:7      | Found Cosh's Antique Weapon Shop.
  3397 | D:8      | Found a staircase to the Lair.
  3493 | D:8      | Reached skill level 5 in Invocations
  3631 | D:8      | Noticed Erica
  3658 | D:8      | Killed Erica
  3658 | D:8      | Reached skill level 7 in Shields
  3658 | D:8      | Reached XP level 10. HP: 71/96 MP: 11/11
  4053 | D:8      | Found a shimmering altar of Xom.
  4633 | D:9      | Reached ** piety under Makhleb
  4665 | D:9      | Found a shattered altar of Ashenzari.
  5105 | D:10     | Entered Level 10 of the Dungeon
  5273 | D:10     | Found the +12 Vampire's Tooth {vamp}
  5397 | D:10     | Reached skill level 1 in Short Blades
  5527 | D:10     | Reached *** piety under Makhleb
  5546 | D:10     | Found a staircase to the Orcish Mines.
  5575 | D:10     | Reached XP level 11. HP: 99/106 MP: 14/14
  5963 | Lair:1   | Entered Level 1 of the Lair of Beasts
  5991 | Lair:1   | Reached skill level 1 in Dodging
  5999 | Lair:1   | Reached skill level 8 in Shields
  6030 | Lair:1   | Reached **** piety under Makhleb
  6810 | Lair:2   | Reached skill level 10 in Fighting
  6939 | Lair:2   | Reached skill level 5 in Short Blades
  7598 | Lair:3   | Reached XP level 12. HP: 116/116 MP: 14/14
  7683 | Lair:3   | Reached ***** piety under Makhleb
  7830 | Lair:3   | Reached skill level 9 in Shields
  8399 | Lair:4   | Found a staircase to the Snake Pit.
  8427 | Lair:4   | Reached skill level 5 in Dodging
  8689 | Lair:4   | Found a snail-covered altar of Cheibriados.
  8720 | Lair:4   | Noticed Nessos
  8777 | Lair:4   | Killed Nessos
  8929 | Lair:4   | Noticed a five-headed hydra
  8944 | Lair:4   | Killed a five-headed hydra
  9370 | Lair:4   | Noticed a five-headed hydra
  9380 | Lair:4   | Killed a five-headed hydra
  9380 | Lair:4   | Reached XP level 13. HP: 127/127 MP: 15/15
  9415 | Lair:4   | Found a staircase to the Swamp.
  9437 | Swamp:1  | Entered Level 1 of the Swamp
  9507 | Swamp:1  | Reached skill level 10 in Armour
  9507 | Swamp:1  | Reached skill level 10 in Shields
  9739 | Swamp:1  | Reached ****** piety under Makhleb
 10133 | Swamp:4  | Entered Level 4 of the Swamp
 10380 | Swamp:4  | Reached skill level 11 in Shields
 10395 | Swamp:4  | Gained mutation: You resist negative energy. (rN+) [Deep
                  | Dwarf growth]
 10395 | Swamp:4  | Reached XP level 14. HP: 139/139 MP: 14/14
 10562 | Swamp:4  | Noticed a thorn hunter
 10598 | Swamp:4  | Killed a thorn hunter
 10702 | Swamp:4  | Got a decaying rune of Zot
 10914 | Snake:1  | Entered Level 1 of the Snake Pit
 11327 | Snake:2  | Reached skill level 12 in Shields
 11447 | Snake:3  | Noticed a nagaraja
 11478 | Snake:3  | Killed a nagaraja
 11624 | Snake:3  | Reached XP level 15. HP: 151/151 MP: 14/14
 11646 | Snake:4  | Entered Level 4 of the Snake Pit
 12353 | Snake:4  | Noticed a nagaraja
 12369 | Snake:4  | Reached skill level 10 in Dodging
 12402 | Snake:4  | Killed a nagaraja
 12411 | Snake:4  | Noticed a nagaraja
 12465 | Snake:4  | Killed a nagaraja
 12469 | Snake:4  | Reached skill level 13 in Shields
 12663 | Snake:4  | Noticed a nagaraja
 12687 | Snake:4  | Killed a nagaraja
 12918 | Snake:4  | Got a serpentine rune of Zot
 13348 | D:12     | Found a gate leading to a gauntlet.
 13392 | Gauntlet | Entered a Gauntlet
 13392 | Gauntlet | Found a transporter.
 13402 | Gauntlet | Found a transporter.
 13417 | Gauntlet | Found a transporter.
 13422 | Gauntlet | Found a transporter.
 13443 | Gauntlet | Found a transporter.
 13456 | Gauntlet | Found a transporter.
 13468 | Gauntlet | Found a transporter.
 13474 | Gauntlet | Found a transporter.
 13489 | Gauntlet | Found a transporter.
 13501 | Gauntlet | Found a transporter.
 13507 | Gauntlet | Found a transporter.
 13507 | Gauntlet | Found a transporter.
 13522 | Gauntlet | Found a transporter.
 13528 | Gauntlet | Found a transporter.
 13567 | Gauntlet | Found a transporter.
 13592 | Gauntlet | Found a transporter.
 13594 | Gauntlet | Found a transporter.
 13614 | Gauntlet | Found a transporter.
 13835 | Gauntlet | Got a pair of steaming boots
 13836 | Gauntlet | Identified the cursed +0 pair of boots "Roecw" {rPois rC+}
                  | (You found it in a Gauntlet)
 13940 | Gauntlet | Got a transparent cloak
 13941 | Gauntlet | Identified the +0 cloak "Hyci" {Str+2} (You found it in a
                  | Gauntlet)
 14030 | D:12     | Reached XP level 16. HP: 160/160 MP: 16/16
 14329 | D:13     | Found a gate to the Vaults.
 14354 | D:13     | Reached skill level 15 in Fighting
 14354 | D:13     | Reached skill level 10 in Invocations
 14627 | Vaults:1 | Entered Level 1 of the Vaults
 14717 | Vaults:1 | Noticed a sphinx
 14748 | Vaults:1 | Killed a sphinx
 14851 | Vaults:1 | Reached skill level 14 in Shields
 15466 | Vaults:3 | Paralysed by a great orb of eyes for 7 turns
 15648 | Vaults:3 | Noticed Asterion
 15677 | Vaults:3 | Killed Asterion
 16011 | Vaults:4 | Reached XP level 17. HP: 171/171 MP: 18/18
 16054 | Vaults:4 | Reached skill level 15 in Shields
 16322 | Vaults:5 | Entered Level 5 of the Vaults
 16410 | Vaults:5 | Identified the +0 great mace "Loetosem" {flame, Str+3
                  | Int+4}
 16604 | Vaults:5 | Got a bloodstained helmet
 16639 | Vaults:5 | Identified the +4 quarterstaff "Rodits" {venom, +Rage rPois
                  | rN+ Dex+2}
 16727 | Vaults:5 | Noticed a tentacled monstrosity
 16740 | Vaults:5 | Noticed a titan
 16784 | Vaults:5 | Reached skill level 16 in Shields
 16810 | Vaults:5 | Killed a tentacled monstrosity
 16810 | Vaults:5 | Gained mutation: You passively map a large area around you.
                  | [Deep Dwarf growth]
 16810 | Vaults:5 | Reached XP level 18. HP: 183/183 MP: 20/20
 16837 | Vaults:5 | Noticed a tentacled monstrosity
 16853 | Vaults:5 | Killed a tentacled monstrosity
 17009 | Vaults:5 | Reached skill level 10 in Short Blades
 17337 | Vaults:5 | Identified the +8 short sword "Vesiwos" {freeze, Str+2}
 17357 | Vaults:5 | Identified the ring of Ronelof {rElec rC- rN+ MR++ Dex+5}
 17599 | Vaults:5 | Reached skill level 17 in Shields
 17652 | Vaults:5 | Identified the +2 helmet of the Lost Path {+Fly rPois MR+}
                  | (You found it on level 5 of the Vaults)
 17719 | Vaults:5 | Noticed a golden dragon
 17750 | Vaults:5 | Killed a golden dragon
 17796 | Vaults:5 | Reached XP level 19. HP: 193/193 MP: 20/22
 18438 | Vaults:5 | Got a silver rune of Zot
 19390 | D:12     | Noticed Maurice
 19435 | D:12     | Killed Maurice
 19517 | D:15     | Entered Level 15 of the Dungeon
 19654 | D:15     | Reached skill level 15 in Armour
 20032 | D:15     | Found a staircase to the Depths.
 20061 | Depths:1 | Entered Level 1 of the Depths
 20414 | Depths:3 | Found a one-way gate leading to the halls of Pandemonium.
 20713 | Depths:4 | Found a one-way gate to the infinite horrors of the Abyss.
 20806 | Depths:5 | Entered Level 5 of the Depths
 20956 | Depths:5 | Found Kakaenad's Magic Scroll Emporium.
 20956 | Depths:5 | Found Iwnereu's Weapon Shoppe.
 21030 | Depths:5 | Bought a scroll of magic mapping for 66 gold pieces
 21030 | Depths:5 | Bought a scroll of fear for 66 gold pieces
 21166 | Depths:5 | Reached skill level 18 in Shields
 21247 | Depths:5 | Noticed a bone dragon
 21335 | Depths:5 | Killed a bone dragon
 21428 | Depths:5 | Reached XP level 20. HP: 204/204 MP: 23/23
 21457 | Depths:5 | Noticed a golden dragon
 21502 | Depths:5 | Killed a golden dragon
 21536 | Depths:5 | Found a gate to the Realm of Zot.
 21568 | Zot:1    | Entered Level 1 of the Realm of Zot
 21636 | Zot:2    | Noticed a Killer Klown
 21645 | Zot:2    | Noticed a Killer Klown
 21778 | Zot:2    | Killed a Killer Klown
 21966 | Zot:2    | Noticed a curse toe
 21980 | Zot:2    | Cast into level 3 of the Abyss (black draconian)
 22102 | Abyss:3  | Gained mutation: You tend to lose your temper in combat. [a
                  | neqoxec]
 22406 | Abyss:3  | Paralysed by accursed screaming for 1 turns
 22416 | Abyss:3  | Paralysed by accursed screaming for 2 turns
 22454 | Abyss:3  | Paralysed by accursed screaming for 2 turns
 22472 | Abyss:3  | Paralysed by accursed screaming for 2 turns
 22519 | Zot:2    | Escaped the Abyss
 22553 | Zot:2    | Killed a curse toe
 22621 | Zot:4    | Noticed an orb of fire
 22648 | Zot:4    | Noticed a curse toe
 22667 | Zot:4    | Gained mutation: Your body sometimes deteriorates upon
                  | taking damage. [an orb of fire]
 22668 | Zot:4    | Noticed a golden dragon
 22669 | Zot:4    | Noticed a Killer Klown
 22676 | Zot:4    | Gained mutation: Scrolls take you a little longer to read.
                  | [an orb of fire]
 22677 | Zot:4    | Gained mutation: You expend magic power (3 MP) to
                  | strengthen your wands. [an orb of fire]
 22685 | Zot:4    | Noticed a golden dragon
 22722 | Zot:4    | Gained mutation: You often lose your temper in combat. [an
                  | orb of fire]
 22730 | Zot:4    | Lost mutation: Your spells are a little harder to cast, but
                  | a little more powerful. [an orb of fire]
 22755 | Zot:4    | Killed an orb of fire
 22755 | Zot:4    | Reached skill level 15 in Invocations
 22789 | Zot:4    | Killed a golden dragon
 22800 | Zot:4    | Killed a golden dragon
 22827 | Zot:4    | Killed a curse toe
 22857 | Zot:4    | Killed a Killer Klown
 22955 | Zot:4    | Reached skill level 19 in Shields
 22958 | Zot:5    | Entered Level 5 of the Realm of Zot
 22976 | Zot:5    | Reached XP level 21. HP: 213/213 MP: 23/23
 23094 | Zot:5    | Lost mutation: You expend magic power (3 MP) to strengthen
                  | your wands. [potion of mutation]
 23094 | Zot:5    | Lost mutation: You often lose your temper in combat.
                  | [potion of mutation]
 23094 | Zot:5    | Gained mutation: You have a pair of small horns on your
                  | head. [potion of mutation]
 23094 | Zot:5    | Gained mutation: You are frail. (-10% HP) [potion of
                  | mutation]
 23094 | Zot:5    | Gained mutation: You expend magic power (3 MP) to
                  | strengthen your wands. [potion of mutation]
 23095 | Zot:5    | Lost mutation: Scrolls take you a little longer to read.
                  | [potion of mutation]
 23095 | Zot:5    | Lost mutation: You tend to lose your temper in combat.
                  | [potion of mutation]
 23095 | Zot:5    | Lost mutation: Your flesh is heat resistant. (rF+) [potion
                  | of mutation]
 23095 | Zot:5    | Gained mutation: You tend to lose your temper in combat.
                  | [potion of mutation]
 23095 | Zot:5    | Lost mutation: You tend to lose your temper in combat.
                  | [potion of mutation]
 23095 | Zot:5    | Gained mutation: You are somewhat resistant to further
                  | mutation. [potion of mutation]
 23160 | Zot:5    | Noticed an orb of fire
 23175 | Zot:5    | Noticed a Killer Klown
 23175 | Zot:5    | Noticed an orb of fire
 23175 | Zot:5    | Noticed an orb of fire
 23177 | Zot:5    | Noticed an ancient lich
 23178 | Zot:5    | Noticed an orb of fire
 23200 | Zot:5    | HP: 5/191 [orb of fire/bolt of fire (32)]
 23202 | Zot:5    | Killed from afar by an orb of fire

Levels and vault maps discovered:
D:1:      dpeg_arrival_fog, layout_rooms
D:2:      layout_rooms, zin_angel, yredelemnul_altar_generic, uniq_sigmund
D:3:      layout_rooms, gammafunk_temple_overflow_arena, lemuel_doored_altar,
          uniq_grinder, uniq_terence
D:4:      layout_rooms, uniq_robin, uniq_edmund, uniq_duvessa, uniq_eustachio
D:5:      black_bear_nest_2, layout_basic, basic_altar, first_ration,
          enter_ossuary_1, uniq_menkaure
D:6:      layout_cave_pools, lemuel_coloured_pillars_altar,
          nicolae_overflow_crystal_walls, minmay_temple_entry_drinking_statues,
          gammafunk_ghost_hive, serial_shops, nicolae_shop_crystal, minivault_5
D:7:      layout_gridville, serial_shops, kennysheep_mini_moat, shop, shop,
          dk_rats_in_the_wall
D:8:      layout_gridville, kennysheep_mini, dpeg_oklobed_lair, grunt_pizzeria,
          uniq_erica
D:9:      layout_loops_ring, nicolae_ashenzari_panopticon,
          chequers_serial_rivers_micro_b
D:10:     layout_roguey, zombieorc2_lemuel, minmay_guarded_unrand_vampires_tooth
D:11:     layout_irregular_city, serial_column_ruins, column_ruins_square_large,
          column_ruins_columns_straight, column_ruins_corridor_straight,
          column_ruins_columns_T, column_ruins_grid_1, column_ruins_open_tiny,
          uniq_josephine
D:12:     layout_cave_pools, gauntlet_entry_generic, uniq_maurice
D:13:     layout_cave_pods, erik_vaults_1, wad_floor_pattern_untrapped,
          glass_columns_c
D:14:     layout_roguey, small_statue_intersection, serial_shops,
          shop_fountains, uniq_kirke
D:15:     grunt_enter_depths_magical_seal, layout_loops_corners,
          minmay_guarded_unrand_prune
Temple:   regret_index_temple_waves
Lair:1:   layout_cave_shapes
Lair:2:   layout_chaotic_city, beast_lair_carwin_5, grunt_megastairs_3,
          lemuel_fruit_tree
Lair:3:   layout_roguey, beast_lair_carwin_4
Lair:4:   layout_cave_pods, nicolae_swamp_entry_splash_gauntlet,
          minmay_snake_entry_six_corridors, kennysheep_snail_temple, uniq_nessos
Swamp:1:  layout_basic_swamp, hangedman_swamp_pad, swamp_pool1
Swamp:2:  layout_basic_swamp, basic_altar, infiniplex_staircase_pool_2
Swamp:3:  layout_falls_marsh, infiniplex_staircase_pool, uniq_roxanne,
          uniq_jorgrun
Swamp:4:  swamp_basic_johnstein, layout_basic_swamp, swamp_pool1, worms_lemuel
Snake:1:  layout_onion
Snake:2:  layout_layer_cave, fake_guardian_serpent_vault, uniq_saint_roka,
          uniq_donald, uniq_aizul
Snake:3:  layout_onion_interference, basic_altar, serial_bayou,
          serial_bayou_pond_b, serial_bayou_shore_a, serial_bayou_pond_d,
          serial_bayou_ford_a
Snake:4:  johnstein_snake_rune_scales, layout_cave_town
Vaults:1: nicolae_vaults_little_squares_6, nicolae_vaults_what_the_h,
          vaults_room_grid, grunt_vaults_swirl,
          nicolae_vaults_diagonal_hallway_8, nicolae_vaults_lopsided_apartments,
          hangedman_vaults_corner_blocks, v_rooms_4,
          nicolae_vaults_mini_display_case, layout_vaults_omnibox
Vaults:2: nicolae_vaults_display_case, hangedman_vaults_hat,
          hangedman_vaults_variations, v_alt_pattern_3, grunt_vaults_trifunnel,
          v_pattern_4, hangedman_vaults_nails, vaults_dpeg_doors,
          vaults_room_stairs_pillars, vaults_dpeg_hooks,
          nicolae_vaults_little_squares_4, layout_vaults_omnicross
Vaults:3: vaults_room_octagon, minmay_crypt_entry_simple_walls,
          nicolae_vaults_big_ls, nicolae_vaults_little_squares_3,
          ontoclasm_vaults_gallery, vaults_dpeg_diagonal, v_alt_pattern_6,
          vaults_room_pool, vaults_room_hallway, nicolae_vaults_theta,
          layout_vaults_big_room, serial_shops, shop_statue, uniq_asterion
Vaults:4: hangedman_vaults_nodes, st_cross, ontoclasm_vaults_decontamination,
          nicolae_vaults_little_squares_6, ontoclasm_vaults_idyll,
          ontoclasm_vaults_hangar, ontoclasm_vaults_hangar, grunt_vaults_focal,
          v_misc_4, v_misc_30, layout_vaults_omnigrid, uniq_xtahua
Vaults:5
Depths:1: layout_gridlike, enter_ziggurat_b, biasface_ghost_demon_polymorph,
          hell_entry, kennysheep_path_1, grunt_ministairs_15,
          nicolae_lava_and_water, minmay_metal_thing
Depths:2: minmay_three_patterns, layout_cave_pools, hell_entry
Depths:3: minmay_the_grid_3x3 [minmay_the_grid_empty, minmay_the_grid_rooms,
          minmay_the_grid_aliased_spiral, minmay_the_grid_large_cup,
          minmay_the_grid_empty, minmay_the_grid_outer_circle,
          minmay_the_grid_paths, minmay_the_grid_fan,
          minmay_the_grid_prize_four_corners], layout_gridville,
          hangedman_abyss_entry_splay, grunt_metal_band, kennysheep_cross_room,
          rand_demon_pan_entry_4, minmay_staircase_bubble, minmay_shop_grove
Depths:4: nooodl_glass_maze, layout_gridlike, serial_sigils_hangedman_scar,
          pf_vacation_house_of_asmodeus, serial_sigils,
          serial_sigils_hangedman_quiver, serial_sigils_hangedman_gut,
          serial_sigils_hangedman_quiver, serial_sigils_hangedman_gut,
          serial_sigils_hangedman_quiver, abyss_entry, st_stairs_12
Depths:5: evilmike_zot_entry_basic, layout_gridlike, rand_demon_pan_entry_7,
          corexii_hall_statues_l, grunt_hell_entry_dis_mu, minmay_shoptagon
Zot:1:    layout_concentric_octagons, st_large_dragon_hoard_4
Zot:2:    lemuel_draconian_sentries_small, layout_cathedral_of_symmetry
Zot:3:    layout_concentric_octagons
Zot:4:    layout_misc_corridors, nicolae_zot_crop_circle
Zot:5:    layout_misc_corridors, hangedman_zot_decor_scrapings, st_stairs_4

Skill      XL: |  1  2  3  4  5  6  7  8  9 10 11 12 13 14 15 16 17 18 19 20 |
---------------+-------------------------------------------------------------+-----
Fighting       | 3 4 5 6 7 9 10 11 12 14 15 16 17 18 | 18.6
Axes           | 3 4 5 6 7 9 |  9.9
Shields        | 4 5 6 7 8 9 11 12 13 14 16 17 18 19 | 19.1
Armour         | 4 5 6 7 8 9 11 12 13 14 15 16 | 16.0
Invocations    | 2 6 8 9 11 12 13 14 15 | 15.3
Short Blades   | 2 5 7 8 9 10 11 | 11.9
Dodging        | 3 5 7 9 10 11 12 13 14 | 14.5

Action                   |  1- 3 |  4- 6 |  7- 9 | 10-12 | 13-15 | 16-18 | 19-21 || total
-------------------------+-------+-------+-------+-------+-------+-------+-------++-------
Melee: War axe           |    69 |    77 |   461 |   156 |       |       |       ||   763
       Quick blade       |       |       |       |   826 |  1867 |  2341 |  2415 ||  7449
       Headbutt          |       |       |       |       |       |       |    20 ||    20
Throw: Throwing net      |       |       |       |       |     1 |       |       ||     1
Invok: Lesser Servant of |       |       |       |       |     4 |       |       ||     4
       Greater Servant o |       |       |       |       |       |       |    16 ||    16
 Abil: Heal Wounds       |     2 |     6 |    14 |    17 |     6 |       |    13 ||    58
Evoke: Wand              |       |       |       |     4 |       |     2 |     1 ||     7
       Lamp of fire      |       |       |       |       |       |     1 |       ||     1
  Use: Scroll            |       |       |    13 |    11 |     7 |     6 |    14 ||    51
       Potion            |       |       |     3 |       |     3 |     3 |     7 ||    16
 Stab: Held in net/web   |       |       |       |       |     1 |       |       ||     1
       Distracted        |       |       |       |       |       |       |     2 ||     2
  Eat: Chunk             |       |       |     7 |    21 |     8 |     6 |     6 ||    48
       Ration            |       |       |     1 |     2 |     3 |     2 |     4 ||    12
Armor: Scale mail        |    45 |    87 |       |       |       |       |       ||   132
       Chain mail        |       |     3 |   265 |       |       |       |       ||   268
       Plate armour      |       |       |    63 |   449 |   308 |   424 |     4 ||  1248
       Swamp dragon scal |       |       |       |       |   152 |       |       ||   152
       Gold dragon scale |       |       |       |       |       |       |   664 ||   664
Dodge: Dodged            |    25 |    59 |   132 |   213 |   434 |   292 |   386 ||  1541
Block: Kite shield       |    41 |   112 |   320 |   531 |   401 |       |       ||  1405
       Tower shield      |       |       |       |       |   608 |  1256 |  1463 ||  3327

Table legend:
 A = Non-vault XP
 B = Vault XP
 C = Vault XP percentage of total XP
 D = Non-vault monster count
 E = Vault monster count
 F = Vault count percentage of total count
                 A         B        C        D         E       F
            +---------+---------+-------+---------+---------+-------
      Total |  302970 |  295702 |  49.4 |     651 |     428 |  39.7
            +---------+---------+-------+---------+---------+-------
        D:1 |       7 |       0 |   0.0 |       4 |       0 |   0.0
        D:2 |      28 |       0 |   0.0 |       9 |       0 |   0.0
        D:3 |     207 |       0 |   0.0 |      13 |       0 |   0.0
        D:4 |     317 |     616 |  66.0 |      21 |      16 |  43.2
        D:5 |     271 |     299 |  52.5 |       8 |       2 |  20.0
        D:6 |     331 |       0 |   0.0 |       8 |       0 |   0.0
        D:7 |    1301 |       0 |   0.0 |      32 |       0 |   0.0
        D:8 |    1904 |    1140 |  37.5 |      27 |       2 |   6.9
        D:9 |     561 |       0 |   0.0 |      10 |       0 |   0.0
       D:10 |    1641 |    2657 |  61.8 |      13 |      44 |  77.2
       D:11 |     308 |       0 |   0.0 |       9 |       0 |   0.0
       D:12 |    2858 |     462 |  13.9 |      19 |       1 |   5.0
       D:13 |    4449 |    1808 |  28.9 |      22 |       2 |   8.3
       D:14 |    1375 |       0 |   0.0 |       2 |       0 |   0.0
       D:15 |    8416 |   11988 |  58.8 |      19 |      20 |  51.3
     Lair:1 |    5274 |       0 |   0.0 |      26 |       0 |   0.0
     Lair:2 |    3104 |    1855 |  37.4 |      16 |      11 |  40.7
     Lair:3 |    4480 |     897 |  16.7 |      23 |       6 |  20.7
     Lair:4 |    5919 |    5404 |  47.7 |      18 |      24 |  57.1
    Swamp:1 |    9544 |       0 |   0.0 |      27 |       0 |   0.0
    Swamp:2 |     988 |       0 |   0.0 |       3 |       0 |   0.0
    Swamp:3 |    5424 |       0 |   0.0 |      14 |       0 |   0.0
    Swamp:4 |    7657 |   18101 |  70.3 |      16 |      27 |  62.8
    Snake:1 |   12886 |       0 |   0.0 |      24 |       0 |   0.0
    Snake:2 |    2181 |       0 |   0.0 |       5 |       0 |   0.0
    Snake:3 |    9193 |       0 |   0.0 |      11 |       0 |   0.0
    Snake:4 |    9482 |   34306 |  78.3 |      16 |      66 |  80.5
   Vaults:1 |   11108 |       0 |   0.0 |      23 |       0 |   0.0
   Vaults:2 |    1059 |    1069 |  50.2 |       3 |       1 |  25.0
   Vaults:3 |   25136 |   15572 |  38.3 |      41 |      18 |  30.5
   Vaults:4 |    3375 |   22131 |  86.8 |       6 |      30 |  83.3
   Vaults:5 |   20727 |  132206 |  86.4 |      28 |      97 |  77.6
   Depths:1 |    1179 |    1839 |  60.9 |       2 |       2 |  50.0
   Depths:2 |    9794 |       0 |   0.0 |      12 |       0 |   0.0
   Depths:3 |    4570 |    4172 |  47.7 |       7 |       5 |  41.7
   Depths:4 |    7866 |    7785 |  49.7 |      10 |       6 |  37.5
   Depths:5 |   19974 |   12950 |  39.3 |      20 |       8 |  28.6
      Zot:1 |    7321 |       0 |   0.0 |       4 |       0 |   0.0
      Zot:2 |   30412 |       0 |   0.0 |      18 |       0 |   0.0
      Zot:3 |     476 |       0 |   0.0 |       1 |       0 |   0.0
      Zot:4 |   37663 |    4587 |  10.9 |      22 |       2 |   8.3
      Zot:5 |   10350 |    5085 |  32.9 |       8 |       3 |  27.3
    Abyss:3 |   11854 |    4721 |  28.5 |      31 |      17 |  35.4
    Ossuary |       0 |     290 | 100.0 |       0 |      11 | 100.0
   Gauntlet |       0 |    3762 | 100.0 |       0 |       7 | 100.0
            +---------+---------+-------+---------+---------+-------
